 Dungeon Crawl Stone Soup version 0.28.0-43-g3370ac3207 (webtiles) character file.

Game seed: 13898583296273460812

2074 Gabide the Martial Artist (level 9, -5/46 HPs)
             Began as a Vine Stalker Monk on Mar 16, 2022.
             Was a Believer of Cheibriados.
             Slain by a hellwing (7 damage)
             ... on level 1 of the Abyss.
             The game lasted 00:12:13 (6895 turns).

Gabide the Martial Artist (Vine Stalker Monk)       Turns: 6895, Time: 00:12:14

Health: -5/46      AC:  4    Str: 18    XL:     9   Next: 26%
Magic:  0/10       EV: 16    Int: 15    God:    Cheibriados [**....]
Gold:   394        SH:  5    Dex: 27    Spells: 8/8 levels left

rFire   . . .      SeeInvis +     - Unarmed
rCold   + . .      Faith    .   (no shield)
rNeg    . . .      Spirit   +   a - +0 robe
rPois   +          Reflect  +   (no helmet)
rElec   .          Harm     .   (no cloak)
rCorr   .          Rampage  .   (no gloves)
Will    +....                   r - +1 pair of boots
Stlth   ++++......              e - amulet of reflection
HPRegen 0.95/turn               m - ring of Loc Dudi {rPois rC+ SInv}
MPRegen 0.12/turn               c - +4 ring of slaying

@: very slow
A: fangs 3, regeneration 1, magic shield, antimagic bite, no potion heal 2
a: Renounce Religion, Bend Time


You were on level 1 of the Abyss.
You worshipped Cheibriados.
Cheibriados was pleased with you.
You visited 1 branch of the dungeon, and saw 7 of its levels.
You visited the Abyss 1 time.

You collected 394 gold pieces.

Inventory:

Armour
 a - a +0 robe (worn)
 r - a +1 pair of boots (worn)
Jewellery
 b - a ring of protection from fire
 c - a +4 ring of slaying (right hand)
 e - an amulet of reflection (around neck)
 l - a ring of resist corrosion
 m - the ring of Loc Dudi (left hand) {rPois rC+ SInv}
   (You acquired it on level 4 of the Dungeon)

   [ring of see invisible]

   rC:        It protects you from cold.
   rPois:     It protects you from poison.
   SInv:      It lets you see invisible.
 w - a ring of see invisible
 z - a ring of magical power
Wands
 t - a wand of acid (15)
Scrolls
 n - a scroll of holy word
 p - a scroll of identify
 s - a scroll of brand weapon
 v - a scroll of vulnerability {unknown}
Potions
 d - a potion of attraction
 f - 3 potions of heal wounds
 g - a potion of mutation {unknown}
 h - 2 potions of curing
 j - 3 potions of cancellation {unknown}
 k - 5 potions of lignification {unknown}
 o - a potion of brilliance {unknown}
 q - a potion of flight {unknown}
 u - 2 potions of invisibility {unknown}
 x - a potion of degeneration {unknown}


   Skills:
 * Level 4.8 Fighting
 * Level 4.4 Dodging
 + Level 6.7 Stealth
 + Level 1.6 Shields
 * Level 9.1 Unarmed Combat


You had 8 spell levels left.
You didn't know any spells.
Your spell library contained the following spells:

 Spells                   Type           Power      Damage    Failure   Level
 Dazzling Flash           Conj/Hex       0%         N/A       63%         3
 Iskenderun's Mystic Bla  Conj/Tloc      0%         2d3       95%         4
 Petrify                  Tmut/Erth      0%         N/A       95%         4
 Metabolic Englaciation   Hex/Ice        0%         N/A       100%        5
 Starburst                Conj/Fire      0%         6d3       100%        6
 Statue Form              Tmut/Erth      0%         N/A       100%        6


Dungeon Overview and Level Annotations

Branches:
Dungeon (7/15)             Temple (0/1) D:7

Altars:
Cheibriados
Dithmenos
Kikubaaqudgha
Qazlal
Zin
The Shining One

Shops:
D:2 (

Annotations:
D:7 Crazy Yiuf


Innate Abilities, Weirdness & Mutations

You have razor-sharp teeth.
Your natural rate of healing is unusually fast.
When hurt, damage is shared between your health and your magic reserves.
Your bite disrupts and absorbs the magic of your enemies.
Potions cannot restore your health.


Message History

The thrashing horror moves out of view.
Nothing quivered!
A large abomination comes into view.
Found a corrupted altar of Lugonu.
An orange demon comes into view.
Press: ? - help, v - describe, . - travel
Here: an orange demon (wandering, hasn't noticed you)
The floor.
Unknown command.
As you read the scroll of teleportation, it crumbles to dust.
You feel strangely unstable.
You feel the power of the Abyss delaying your translocation!
The orange demon stings you. The orange demon hits you.
You feel your attacks grow feeble. You block the orange demon's attack.
The orange demon stings you from afar. The orange demon stings you from afar!
The orange demon barely misses you.
You are suddenly pulled into a different region of the Abyss!
Your attacks no longer feel as feeble.
HP restored. 3 hellwings come into view.
The hellwing gives a chilling moan. x2; You hear a chilling moan.
The hellwing swoops through the air toward you!
The hellwing hits you! You block the hellwing's attack. The hellwing hits you!
The hellwing misses you. The hellwing barely misses you.
You block the hellwing's attack.
The hellwing swoops through the air toward you!
You block the hellwing's attack. The hellwing hits you.
The hellwing completely misses you. The hellwing hits you!
You block the hellwing's attack. x2
The hellwing swoops through the air toward you!
The hellwing hits you!
* * * LOW HITPOINT WARNING * * *
The hellwing hits you!
* * * LOW HITPOINT WARNING * * *
The hellwing misses you. The hellwing barely misses you. The hellwing hits you.
* * * LOW HITPOINT WARNING * * *
The hellwing hits you!
You die...

...## ...###.##..####
....#.....#.........##
................... .#
.............##..# ..#
.............##..##..##
.. #.....#...........###
...###...###............#
...#.....#..##44##..##..
... .........##.@## .#
..... ..........4.......
........................
...#. .4.#..##..##..##..
. ##...###.##..# ..# . .
#.... ........ ... .. ...
.. ......... ...
...ยงยง.. .##..# ##. ...
.


You could see 3 hellwings.

Vanquished Creatures
  A water moccasin (D:7)
  Duvessa (D:6)
  A black bear (D:7)
  A hornet zombie (D:7)
  2 ogres (D:6)
  A kobold brigand (D:7)
  2 bullfrogs
  2 scorpions
  Dowan (D:6)
  2 water moccasin skeletons
  A bullfrog zombie (D:5)
  3 hounds
  4 orc priests
  2 jellies
  A bullfrog skeleton (D:6)
  2 gnoll shamans
  Jessica (D:2)
  5 iguanas
  Natasha (thrice) (D:2)
  4 orc wizards
  A scorpion zombie (D:5)
  12 gnolls
  9 adders
  A shadow imp (D:7)
  A worm (D:2)
  5 dart slugs
  19 orcs
  3 bats
  5 endoplasms
  3 giant cockroaches
  7 goblins
  7 hobgoblins
  7 jackals
  4 quokkas
  4 ball pythons
  3 frilled lizards
  15 kobolds
  6 rats
152 creatures vanquished.

Vanquished Creatures (others)
  An orc wizard (D:4)
  A gnoll (D:4)
  An orc (D:4)
  A plant (D:2)
4 creatures vanquished.

Grand Total: 156 creatures vanquished

Notes
Turn   | Place    | Note
-------+----------+-------------------------------------------
     0 | D:1      | Gabide the Vine Stalker Monk began the quest for the Orb.
     0 | D:1      | Reached XP level 1. HP: 11/11 MP: 2/2
   542 | D:1      | Reached XP level 2. HP: 16/16 MP: 3/3
   845 | D:1      | Reached XP level 3. HP: 15/19 MP: 4/4
  1567 | D:2      | Noticed Natasha
  1576 | D:2      | Killed Natasha
  1577 | D:2      | Gained mutation: Your natural rate of healing is unusually
                  | fast. [Vine Stalker growth]
  1577 | D:2      | Reached XP level 4. HP: 22/24 MP: 5/5
  1697 | D:2      | Noticed Natasha
  1701 | D:2      | Killed Natasha
  1702 | D:2      | Reached skill level 4 in Unarmed Combat
  1714 | D:2      | Noticed Jessica
  1722 | D:2      | Found Ygyol's Antique Weapon Shoppe.
  1724 | D:2      | Killed Jessica
  1725 | D:2      | Reached XP level 5. HP: 28/28 MP: 6/6
  1817 | D:2      | Found a faded altar of an unknown god.
  1819 | D:2      | Noticed a golden eye
  1821 | D:2      | Noticed a great orb of eyes
  1821 | D:2      | Noticed a shining eye
  1821 | D:2      | Noticed a great orb of eyes
  2140 | D:2      | Noticed Natasha
  2145 | D:2      | Killed Natasha
  2322 | D:3      | Identified the +4 dagger "Vizewew" {protect, rF+ rC+}
  2581 | D:3      | Reached XP level 6. HP: 32/32 MP: 7/7
  3139 | D:4      | Reached skill level 5 in Stealth
  3184 | D:4      | Reached skill level 5 in Unarmed Combat
  3425 | D:4      | Found an ancient bone altar of Kikubaaqudgha.
  3491 | D:4      | Reached XP level 7. HP: 34/36 MP: 8/8
  3859 | D:4      | Found a shadowy altar of Dithmenos.
  4019 | D:4      | Reached skill level 6 in Unarmed Combat
  4150 | D:4      | Identified a scroll of acquirement
  4150 | D:4      | Acquired the ring of Loc Dudi {rPois rC+ SInv}
  4469 | D:5      | Entered Level 5 of the Dungeon
  4554 | D:5      | Reached skill level 1 in Shields
  4567 | D:4      | Gained mutation: You have razor-sharp teeth. [Vine Stalker
                  | growth]
  4567 | D:4      | Reached XP level 8. HP: 30/42 MP: 5/9
  4964 | D:5      | Reached skill level 7 in Unarmed Combat
  5144 | D:5      | Found a stormy altar of Qazlal.
  5252 | D:6      | Found a glowing silver altar of Zin.
  5400 | D:6      | Identified the +5 shortbow of Doors {speed, rPois Str+2
                  | Dex+5}
  5438 | D:6      | Found a glowing golden altar of the Shining One.
  5453 | D:6      | Noticed Duvessa
  5453 | D:6      | Noticed Dowan
  5465 | D:6      | Killed Duvessa
  5466 | D:6      | Reached skill level 8 in Unarmed Combat
  5467 | D:6      | Killed Dowan
  6122 | D:7      | Reached XP level 9. HP: 45/45 MP: 10/10
  6124 | D:7      | Found a snail-covered altar of Cheibriados.
  6217 | D:7      | Became a worshipper of Cheibriados the Contemplative
  6217 | D:7      | Reached * piety under Cheibriados
  6217 | D:7      | Reached ** piety under Cheibriados
  6421 | D:7      | Found a staircase to the Ecumenical Temple.
  6443 | D:7      | Reached skill level 9 in Unarmed Combat
  6507 | D:7      | Found a runed translucent door.
  6508 | D:7      | Noticed Crazy Yiuf
  6722 | D:7      | Cast into level 1 of the Abyss (Crazy Yiuf)
  6767 | Abyss:1  | Noticed a thrashing horror
  6771 | Abyss:1  | Noticed a thrashing horror
  6815 | Abyss:1  | Found a corrupted altar of Lugonu.
  6848 | Abyss:1  | Noticed an orange demon
  6887 | Abyss:1  | Noticed a hellwing
  6887 | Abyss:1  | Noticed a hellwing
  6887 | Abyss:1  | Noticed a hellwing
  6895 | Abyss:1  | HP: 2/46 [hellwing (5)]
  6895 | Abyss:1  | Slain by a hellwing

Illustrated notes

Levels and vault maps discovered:
D:1:      lightli_arrival_noodles, layout_basic, minmay_door_square
D:2:      layout_basic, hellmonk_ecumenical_altar_watching_god, serial_shops,
          nicolae_shop_overgrown_old_shop, uniq_jessica, uniq_natasha
D:3:      layout_loops_corners, minmay_misc_feat_plants,
          minmay_randomly_rotated_circles
D:4:      layout_loops_ring, nicolae_kikubaaqudgha_miasma_corner,
          marbit_many_paths
D:5:      layout_gridville, general_overflow_altar, sigmund_army
D:6:      layout_cave_pools, mainiacjoe_overflow_brackets,
          kennysheep_little_box, uniq_duvessa
D:7:      layout_cave_pools, pf_just_have_faith, minmay_temple_entry_junction,
          uniq_crazy_yiuf_cottage
Abyss:1:  base: D:6, evilmike_abyss_exit_14, hangedman_abyss_river_spirits

Skill      XL: |  1  2  3  4  5  6  7  8  9 |
---------------+----------------------------+-----
Fighting       | 3 4 |  4.8
Stealth        | 3 4 5 6 |  6.7
Unarmed Combat | 4 5 6 8 9 |  9.1
Dodging        | 3 4 |  4.4
Shields        | 1 |  1.6

Action                   |  1- 3 |  4- 6 |  7- 9 || total
-------------------------+-------+-------+-------++-------
Melee: Unarmed           |    58 |   109 |   191 ||   358
       Bite              |     9 |    30 |    72 ||   111
       Punch             |       |     4 |    10 ||    14
Throw: Throwing net      |       |       |     1 ||     1
  Use: Scroll            |       |     5 |    10 ||    15
 Stab: Sleeping          |     6 |    13 |     8 ||    27
       Held in net/web   |       |       |     1 ||     1
Armor: Robe              |     5 |     9 |    18 ||    32
Dodge: Dodged            |    26 |    50 |   118 ||   194
Block: Other             |       |    18 |    41 ||    59
       Reflection        |       |       |     1 ||     1
